 Dungeon Crawl Stone Soup version 0.17.1-1-g73c8601 (webtiles) character file.

0 zornare the Skirmisher (level 1, -3/20 HPs)
             Began as a Minotaur Berserker on Dec 23, 2015.
             Was a Follower of Trog.
             Slain by Ahionuar the naga
             ... wielding a +5 mace of protection
             ... created by the player character
              (23 damage)
             ... on level 1 of the Dungeon.
             The game lasted 00:02:14 (104 turns).

zornare the Skirmisher (Minotaur Berserker)          Turns: 104, Time: 00:02:14

Health: -3/20      AC:  2    Str: 31    XL:     1   Next: 8%
Magic:  0/0        EV:  9    Int:  4    God:    Trog [*.....]
Gold:   0          SH:  0    Dex:  9    Spells: 0 memorised, 0 levels left

rFire  . . .     SeeInvis .     e - +0 mace
rCold  . . .     Clarity  .     b - +0 animal skin
rNeg   . . .     SustAt   .     (no shield)
rPois  .         Gourm    .     (helmet restricted)
rElec  .         Spirit   .     (no cloak)
rCorr  .         Warding  .     (no gloves)
rMut   .         Stasis   .     (no boots)
MR     .....                    (no amulet)
Stlth  +.........               (no ring)
                                (no ring)

@: immense fortitude, constricted, not resistant to hostile enchantments, very
unstealthy
A: retaliatory headbutt, horns 2
a: Berserk, Burn Spellbooks, Renounce Religion


You were on level 1 of the Dungeon.
You worshipped Trog.
Trog was aware of your devotion.
You were not hungry.

You visited 1 branch of the dungeon, and saw 1 of its levels.

Inventory:

Hand Weapons
 a - a +0 mace
 e - a +0 mace (weapon)
Missiles
 d - 28 stones (quivered)
Armour
 b - a +0 animal skin (worn)
Miscellaneous
 g - a plain deck of changes {drawn: 6}
Comestibles
 c - a bread ration
 f - a chunk of flesh


   Skills:
 + Level 3.7 Fighting
 + Level 3.6 Maces & Flails
 + Level 2.4 Armour
 + Level 2.1 Dodging


You couldn't memorise any spells.
You didn't know any spells.

Dungeon Overview and Level Annotations

Branches:
Dungeon (1/15)

Altars:
Nemelex Xobeh


Innate Abilities, Weirdness & Mutations

You reflexively headbutt those who attack you in melee.
You have a pair of horns on your head.


Message History

You draw a card...
It is the Mercenary.
You cannot afford Ahionuar's fee of 160 gold!
Ahionuar attacks!
Ahionuar the naga comes into view. It is wielding a mace of protection.
You hit Ahionuar but do no damage. Ahionuar spits poison at you.
The splash of poison misses you.
You closely miss Ahionuar. Your headbutt misses Ahionuar.
Ahionuar hits you with a mace of protection.
Ahionuar grabs you. Ahionuar constricts you.
You closely miss Ahionuar. You headbutt Ahionuar!
Ahionuar is moderately wounded.
Ahionuar hits you with a mace of protection.
Ahionuar constricts you.
You hit Ahionuar but do no damage.
You headbutt Ahionuar, but do no damage.
Ahionuar is moderately wounded.
Ahionuar hits you with a mace of protection!!
Ouch! That really hurt!
You die...

##+#....####............
.#....#.....'............
......#...###............
.......รท..####...........
..................###....
....##.............# ...
... #..............# .. ..
#....####..N...##
#....####..@....#
#.......#.....#.# ###
#.......#...###..# #X#
#.......#...# .#
######.......#...#### #+
#...##............... ..
#.>.'..#............ ...
#...####........... ....
##.### #........###.....


You could see Ahionuar the naga.

Vanquished Creatures
  A goblin (D:1)
1 creature vanquished.

Notes
Turn   | Place    | Note
--------------------------------------------------------------
     0 | D:1      | zornare the Minotaur Berserker began the quest for the Orb.
     0 | D:1      | Reached XP level 1. HP: 19/19 MP: 0/0
     0 | D:1      | Noticed a tentacled monstrosity
     0 | D:1      | Noticed a large abomination
     1 | D:1      | Noticed a shadow dragon
     1 | D:1      | Noticed an ice dragon
     5 | D:1      | Noticed a black draconian
     7 | D:1      | Noticed an ice dragon
     9 | D:1      | Noticed a large abomination
    10 | D:1      | Noticed an orb of fire
    11 | D:1      | Noticed an ice dragon
    13 | D:1      | Noticed a tentacled monstrosity
    15 | D:1      | Noticed an iron dragon
    15 | D:1      | Noticed a large abomination
    17 | D:1      | Noticed a large abomination
    17 | D:1      | Noticed an orb of fire
    19 | D:1      | Noticed a large abomination
    19 | D:1      | Noticed an iron dragon
    21 | D:1      | Noticed an orb of fire
    21 | D:1      | Noticed a shadow dragon
    23 | D:1      | Noticed a large abomination
    72 | D:1      | Found a sparkling altar of Nemelex Xobeh.
   100 | D:1      | Noticed Ahionuar
   104 | D:1      | Slain by Ahionuar the naga

Action                   || total
-------------------------++-------
Melee: Mace              ||     5
Evoke: Deck              ||     6
